 Dungeon Crawl Stone Soup version 0.15-a0-1206-g3bad1a6 (webtiles) character file.

1577600 PolkaDot the Maledictor (level 26, 180/187 HPs)
             Began as a Vampire Enchanter on May 31, 2014.
             Was the Champion of Ashenzari.
             Escaped with the Orb
             ... and 3 runes on June 1, 2014!
             The game lasted 09:15:15 (79644 turns).

PolkaDot the Maledictor (Vampire Enchanter)        Turns: 79644, Time: 09:15:15

HP 180/187       AC 15     Str 16      XL: 26   Next: 77%
MP  46/46        EV 30     Int 23      God: Ashenzari [******]
Gold 4723        SH 31     Dex 22      Spells: 15 memorised,  5 levels left

rFire  + + +     SeeInvis +     z - +4,+10 dagger "Ycuomn" {speed, Dex+3 Int+3}
rCold  + + .     Clarity  +     P - +3 leather armour "Crirph" {rF++}
rNeg   + + +     rCorr    .     C - +2 shield {AC+3} (curse)
rPois  +         rRot     +     H - +2 hat "Grush" {MR+ Str+2}
rElec  .         Spirit   .     T - -4 cloak "Dyfairacko" {Str+4 Dex+4 Dam+5}
SustAb .         Warding  .     O - +2 pair of gloves {Str+3} (curse)
rMut   +         Stasis   .     Y - +2 pair of boots {run} (curse)
Gourm  .                        p - cursed amulet of resist mutation
MR     +++..                    G - cursed +7,+7 ring of slaying
                                s - cursed ring of protection from fire

@: slightly contaminated, bloodless, non-regenerating, hasted, glowing, very
quick, extremely resistant to hostile enchantments, unstealthy
A: bottle blood, fangs 3, hooves 2, see invisible, berserk 1, clumsy 1,
deterioration 1, dopey 1, mutation resistance 1, unbreathing, forlorn
a: Bat Form, Bottle Blood, Scrying, Transfer Knowledge, Renounce Religion
0: Orb of Zot
}: 3/15 runes: serpentine, barnacled, silver


You escaped.
You worshipped Ashenzari.
Ashenzari was exalted by your worship.
You were bloodless.

You visited 10 branches of the dungeon, and saw 55 of its levels.
You also visited: Labyrinth.

You collected 5877 gold pieces.
You spent 1154 gold pieces at shops.

Inventory:

Hand weapons
 z - the cursed +4,+10 dagger "Ycuomn" (weapon) {speed, Dex+3 Int+3}
   (You found it on level 4 of the Vaults)

   Attacks with this weapon are significantly faster.
   It affects your intelligence (+3).
   It affects your dexterity (+3).
   It has a curse placed upon it.
Armour
 C - a cursed +2 shield of protection (worn)
 H - the cursed +2 hat "Grush" (worn) {MR+ Str+2}
   (You found it on level 3 of the Vaults)

   It affects your strength (+2).
   It affects your resistance to hostile enchantments.
   It has a curse placed upon it.
 O - a cursed +2 pair of gloves of strength (worn)
 P - the cursed +3 leather armour "Crirph" (worn) {rF++}
   (You found it on level 8 of the Lair of Beasts)

   It greatly protects you from fire.
   It has a curse placed upon it.
 T - the cursed -4 cloak "Dyfairacko" (worn) {Str+4 Dex+4 Dam+5}
   (You found it on level 11 of the Dungeon)

   It affects your strength (+4).
   It affects your dexterity (+4).
   It affects your damage with ranged weapons and melee attacks (+5).
   It has a curse placed upon it.
 Y - a cursed +2 pair of boots of running (worn)
Magical devices
 j - a wand of teleportation (3)
 o - a wand of disintegration (6)
 q - a wand of disintegration (16)
 u - a wand of paralysis (2)
 v - a wand of digging (5)
 w - a wand of hasting (4)
 K - a wand of heal wounds (8)
Scrolls
 g - 8 scrolls of amnesia
 h - 8 scrolls of fog
 l - 7 scrolls of blinking
 n - 19 scrolls of teleportation
 r - 2 scrolls of recharging
 t - a scroll of enchant weapon III
 y - 5 scrolls of curse jewellery
 A - a scroll of vulnerability
 B - a scroll of torment
 E - 4 scrolls of immolation
 F - a scroll of silence
 L - a scroll of brand weapon
 R - 4 scrolls of fear
Jewellery
 p - a cursed amulet of resist mutation (around neck)
 s - a cursed ring of protection from fire (left hand)
 G - a cursed +7,+7 ring of slaying (right hand)
Potions
 a - 3 potions of magic
 b - 6 potions of brilliance
 d - 37 potions of curing
 f - 4 potions of cure mutation {!q}
 k - 2 potions of blood {@w2}
 m - 2 potions of flight
 D - 3 potions of agility
 I - 2 potions of invisibility
 M - 4 potions of haste
 N - a potion of mutation {!q}
 Q - 4 potions of might
 S - 5 potions of restore abilities
 W - 2 potions of resistance
Books
 c - the Incunabulum of Earthen Battle Magic
   (You found it on level 5 of the Vaults)

   Spells                             Type                      Level
   Fulminant Prism                    Conjuration/Hexes            4
   Venom Bolt                         Conjuration/Poison           5
   Bolt of Magma                      Conjuration/Fire/Earth       5
   Iron Shot                          Conjuration/Earth            6
 e - a book of Enchantments

   Spells                             Type                      Level
   Tukima's Dance                     Hexes                        3
   Cause Fear                         Hexes                        4
   *Silence                           Hexes/Air                    5
   Deflect Missiles                   Charms/Air                   6
   *Haste                             Charms                       6
   *Discord                           Hexes                        8
 i - a book of Dreams

   Spells                             Type                      Level
   *Ensorcelled Hibernation           Hexes/Ice                    2
   *Flight                            Charms/Air                   3
   Phase Shift                        Translocation                5
   Shadow Creatures                   Summoning                    5
   Mass Confusion                     Hexes                        6
   *Darkness                          Hexes                        7
 U - a book of the Warp

   Spells                             Type                      Level
   Control Teleport                   Charms/Translocation         4
   Phase Shift                        Translocation                5
   Warp Weapon                        Charms/Translocation         5
   Dispersal                          Translocation                6
   *Controlled Blink                  Translocation                7
   Disjunction                        Translocation                8


   Skills:
 - Level 10.9 Fighting
 - Level 9.8(14.1) Short Blades
 - Level 6.3 Armour
 - Level 14.3(18.3) Dodging
 - Level 24.0(27) Stealth
 - Level 10.2(13.0) Shields
 * Level 20.1 Spellcasting
 - Level 24.9(27) Hexes
 + Level 23.6(26.9) Charms
 + Level 13.5(17.6) Translocations
 - Level 1.4(4.3) Ice Magic


You had 5 spell levels left.
You knew the following spells:

 Your Spells              Type           Power        Failure   Level  Hunger
a - Corona                Hex            #######      0%          1    None
b - Sure Blade            Hex/Chrm       #######...   0%          2    None
c - Confuse               Hex            #######.     0%          3    None
d - Ensorcelled Hibernat  Hex/Ice        ######       0%          2    None
e - Enslavement           Hex            #######.     0%          4    None
h - Haste                 Chrm           #######.     0%          6    ###....
i - Invisibility          Hex            #######.     0%          6    ###....
q - Blink                 Tloc           N/A          0%          2    None
s - Dazzling Spray        Conj/Hex       ######..     1%          3    None
w - Controlled Blink      Tloc           N/A          1%          7    #####..
A - Apportation           Tloc           #######...   0%          1    None
D - Discord               Hex            #######...   1%          8    ######.
F - Flight                Chrm/Air       ######....   1%          3    None
Q - Silence               Hex/Air        ######....   1%          5    None
S - Darkness              Hex            #######...   1%          7    #####..


Dungeon Overview and Level Annotations

Branches:
Dungeon (15/15)            Temple (1/1) D:5             Orc (4/4) D:9
    Elf (2/3) Orc:3          Lair (8/8) D:11         Shoals (5/5) Lair:3
  Snake (5/5) Lair:5        Slime (0/6) Lair:7       Vaults (5/5) D:14
  Blade (0/1) Vaults:3      Crypt (0/3) Vaults:3        Zot (5/5) Depths:5
 Depths (5/5) D:15

Altars:
Ashenzari
Cheibriados
Dithmenos
Elyvilon
Fedhas
Gozag
Kikubaaqudgha
Makhleb
Nemelex Xobeh
Okawaru
Qazlal
Sif Muna
Trog
Vehumet
Xom
Yredelemnul
Zin
The Shining One
Beogh
Lugonu

Shops:
D:4 %   D:7 ?   D:9 [   D:11 :   D:14 [   Orc:4 [[(}   Elf:2 :*[!}
Shoals:1 ![   Shoals:2 (   Shoals:4 :   Snake:1 [   Snake:4 *   Snake:5 %
Vaults:2 %:   Vaults:3 [   Vaults:4 [

Portals:
Hell: Depths:1 Depths:2 Depths:3 Depths:4 Depths:5
Abyss: Depths:2 Depths:3 Depths:4 Depths:5
Pandemonium: Depths:1 Depths:2 Depths:3
Ziggurat: Depths:3


Innate Abilities, Weirdness & Mutations

You do not heal naturally.
You can bottle blood from corpses.
You have razor-sharp teeth.*
You have supernaturally acute eyesight.
You can survive without breathing.*
You have hoof-like feet.*
You tend to lose your temper in combat.
You are clumsy. (Dex -2)
Your body is slowly deteriorating.
You are dopey. (Int -2)
You are somewhat resistant to further mutation.
You have difficulty communicating with the divine.


Message History

(L) Lair (A) Shoals (P) Snake Pit (M) Slime Pits (V) Vaults (B) Hall of Blades (C) Crypt (H) Hell (Z) Zot (U) Depths
Where to? (Enter - D:2, ? - help)
There is an open door here.
There is a stone staircase leading up here.
Magic restored.
You climb upwards.
You sense a powerful magical force warping space.
There is a stone staircase leading down here.
(D) Dungeon (T) Temple (O) Orcish Mines (E) Elven Halls (L) Lair (A) Shoals (P) Snake Pit (M) Slime Pits (V) Vaults (B) Hall of Blades (C) Crypt (H) Hell (Z) Zot (U) Depths
Where to? (Enter - D:1, ? - help)
Okay, then.
An iron devil comes into view. It is wielding a battleaxe.
There is an open door here.
There is a staircase leading out of the dungeon here.
You have escaped!

##.....#....#......#
#......#...##......# ###
##.......#{...############..
###..>..{.............(....
#####.#.##############...
#......................
###{.#######...#######...
#..4.#.....#...#.....#...
#.#..#..@..'...#.....#.(.
#.#..#.....##.##.....#...
#.#..###'####.####'###...
####.#.......##...##......#.
#....#.......##...##......#.
#{...##.########.####'###.##
#.....[.#.....##.##.....#.##
##...####.....'...'..>..#.##
#...# #.....#..[#.....#.##


There were no monsters in sight!

Vanquished Creatures
  4 orbs of fire (Zot:5)
  5 ancient liches
  4 curse toes
  Margery (Vaults:5)
  Norris (Elf:2)
  2 Killer Klowns (Zot:5)
  11 golden dragons
  Jory (Depths:5)
  4 electric golems
  Xtahua (Vaults:4)
  Frederick (Depths:4)
  the Enchantress (Depths:2)
  Nikola (Elf:2)
  10 bone dragons
  11 tentacled monstrosities
  Asterion (Depths:2)
  18 Orb Guardians
  6 titans
  5 liches
  13 storm dragons
  2 sphinxes
  5 shadow dragons
  Rupert (Elf:2)
  5 tengu reavers
  Ilsuiw (Shoals:5)
  2 draconian monks
  5 iron dragons
  A deep elf sorcerer (Elf:1)
  12 greater nagas
  16 vault wardens
  4 draconian knights
  4 draconian scorchers
  9 frost giants
  Louise (Elf:2)
  3 ghost moths
  6 draconian zealots
  5 fire giants
  An orc warlord (Orc:4)
  7 emperor scorpions
  7 draconian annihilators
  Jorgrun (Depths:5)
  Aizul (Shoals:5)
  3 draconian shifters
  3 spriggan defenders (Depths:2)
  2 deep elf demonologists
  A draconian caller (Zot:2)
  28 stone giants
  2 green draconians
  8 grey draconians
  2 deep elf annihilators (Depths:3)
  7 pale draconians
  6 mottled draconians
  4 yellow draconians
  6 black draconians
  6 white draconians
  12 dire elephants
  9 purple draconians
  4 vampire knights
  5 red draconians
  Snorg (Orc:3)
  A blizzard demon (Depths:2)
  4 ettins
  13 vault guards
  3 merfolk javelineers
  5 sirens
  Josephine (D:11)
  22 ice dragons
  18 yaktaur captains
  7 death cobs
  17 fire dragons
  9 merfolk impalers
  3 minotaurs
  3 deep elf high priests
  6 rakshasas
  Fannar (D:13)
  Harold (D:11)
  A spectral iron dragon (Depths:4)
  8 great orbs of eyes
  5 hydras
  7 naga warriors
  5 spriggan air magi
  An anaconda (shapeshifter) (Vaults:4)
  A ravenous feature mimic (Zot:1)
  12 anacondas
  3 small abominations
  10 deep troll earth magi
  6 deep elf death magi
  18 ironheart preservers
  2 alligator snapping turtles (Shoals:5)
  7 merfolk aquamancers
  A dancing weapon (Vaults:5)
  7 shock serpents
  7 tengu warriors
  33 death yaks
  3 hell hogs (Depths:3)
  4 spectral elves
  15 centaur warriors
  11 deep troll shamans
  A vampire mage (Depths:5)
  Urug (Orc:3)
  A satyr (Shoals:5)
  21 hell knights
  16 naga sharpshooters
  6 orc high priests (Orc:4)
  Nergalle (D:13)
  2 spriggan berserkers
  A salamander mystic (Snake:4)
  9 deep elf knights
  15 ogre magi
  A fire crab (shapeshifter) (Vaults:3)
  6 very ugly things
  2 giant orange brains (shapeshifter)
  2 fire crabs
  8 iron trolls
  5 skeletal warriors (D:15)
  20 sea snakes
  Erolcha (D:13)
  A golden dragon zombie (Depths:3)
  32 deep trolls
  5 giant orange brains
  A torturous demonspawn (Depths:2)
  3 unseen horrors
  An unseen horror (shapeshifter) (Elf:2)
  A water nymph (shapeshifter) (Vaults:5)
  5 naga ritualists
  4 wizards
  9 necromancers
  2 shadow wraiths (Vaults:4)
  11 hill giants
  4 water nymphs
  23 harpies
  5 oklob plants (Lair:7)
  2 hill giants (shapeshifter) (Vaults:5)
  8 wolf spiders
  4 flayed ghosts
  3 spectral humans
  8 mana vipers
  8 deep elf conjurers
  8 deep elf summoners
  A draconian zombie (Zot:5)
  17 ironbrand convokers
  2 moths of wrath (shapeshifter) (Vaults:5)
  24 griffons
  3 red wasps
  10 manticores
  3 phantasmal warriors (Vaults:5)
  13 orc knights
  8 orc sorcerers
  5 fauns
  A salamander (shapeshifter) (Vaults:2)
  8 elephants (Lair:8)
  2 fauns (shapeshifter) (Vaults:5)
  4 salamanders
  13 cyclopes
  An elephant (shapeshifter) (Vaults:3)
  A sixfirhy (Depths:2)
  19 moths of wrath
  6 spiny frogs
  7 mermaids
  9 guardian serpents (Snake:5)
  Maurice (D:13)
  A frost giant skeleton (Depths:3)
  A smoke demon (Orc:4)
  18 vault sentinels
  A drowned soul (Shoals:5)
  2 iron devils
  41 black mambas
  14 naga magi
  A guardian serpent (shapeshifter) (Vaults:3)
  2 feature mimics
  An orange demon (Depths:2)
  Psyche (D:11)
  3 gargoyles
  2 yaktaur zombies
  2 fire drakes
  3 kobold demonologists (D:15)
  2 emperor scorpion zombies
  An elf zombie (Depths:5)
  A spriggan zombie (Depths:5)
  A spectral deep troll (Depths:3)
  56 yaktaurs
  8 freezing wraiths
  4 komodo dragons
  3 trolls
  Grinder (D:4)
  14 deep elf priests
  46 merfolk
  3 giant fireflies
  A blink frog (shapeshifter) (Depths:2)
  A jumping spider (Lair:8)
  A raiju (shapeshifter) (Vaults:1)
  Prince Ribbit (D:8)
  2 wind drakes
  A slime creature (shapeshifter) (Depths:5)
  26 two-headed ogres
  7 slime creatures
  2 hydra skeletons
  A tengu conjurer (Vaults:3)
  6 boulder beetles
  10 ravens
  2 trolls (shapeshifter)
  A trapdoor spider (D:10)
  A deep troll zombie (Depths:4)
  7 snapping turtles
  A basilisk (shapeshifter) (Depths:3)
  13 water elementals
  2 basilisks
  A stone giant simulacrum (Vaults:3)
  5 spriggans
  A trapdoor spider (shapeshifter) (Depths:1)
  A redback (shapeshifter) (Elf:1)
  3 wraiths
  2 wyverns
  A flying skull (Vaults:3)
  A vampire (Depths:1)
  6 redbacks
  A hog (shapeshifter) (Depths:1)
  2 shadows
  21 deep elf magi
  14 sharks
  A yaktaur simulacrum (Vaults:2)
  20 humans (D:14)
  7 air elementals
  10 hippogriffs
  Eustachio (D:6)
  A deep troll skeleton (Depths:1)
  24 deep elf fighters
  3 elephant slugs
  23 yaks
  3 hungry ghosts
  Grum (D:13)
  17 ugly things
  2 hill giant skeletons
  2 mottled dragons
  13 vampire mosquitoes
  2 wolves (D:13)
  Edmund (D:8)
  An ogre zombie (D:13)
  A water moccasin (shapeshifter) (Vaults:3)
  6 porcupines
  34 water moccasins
  49 nagas
  6 hell hounds (Depths:3)
  6 sky beasts
  A black bear (shapeshifter) (Vaults:4)
  59 orc warriors
  2 black bears
  4 ice beasts
  67 ogres
  2 phantoms
  5 boggarts (Depths:1)
  A manticore zombie (D:15)
  A yellow wasp (D:12)
  5 wargs
  4 lost souls (Vaults:2)
  2 big kobolds
  8 crocodiles
  Duvessa (D:4)
  A manticore skeleton (D:15)
  The ghost of primenumbers3 the Magician, an average OpWz of Nemelex Xobeh (D:4)
  7 giant slugs
  A giant slug (shapeshifter) (Vaults:5)
  36 centaurs
  Blork the orc (D:4)
  A cyclops zombie (D:11)
  26 giant frogs
  4 scorpions
  An eye of draining (D:11)
  2 tengu zombies
  A human simulacrum (Vaults:2)
  22 killer bees
  3 troll zombies
  8 electric eels
  A spriggan skeleton (D:9)
  A troll skeleton (D:9)
  Dowan (D:4)
  5 goliath beetles
  8 wights
  A centaur zombie (D:8)
  8 crimson imps
  An iron imp (Depths:5)
  A basilisk skeleton (D:11)
  8 hounds
  A giant frog skeleton (D:13)
  4 jellies
  Crazy Yiuf (D:6)
  A quasit (D:14)
  A centaur skeleton (D:9)
  4 big fish
  A gnoll shaman (Orc:4)
  29 orc priests
  21 orc wizards
  11 iguanas
  29 sheep
  14 worker ants
  A big kobold zombie (D:7)
  A hound skeleton (D:11)
  A worker ant zombie (D:9)
  34 adders
  35 green rats
  8 gnolls
  4 giant mites
  7 shadow imps
  A white imp (Depths:1)
  An orc skeleton (D:5)
  An inept feature mimic (D:6)
  8 worms
  An ufetubus (D:14)
  5 orc zombies
  An adder skeleton (D:4)
  An ooze (D:4)
  243 orcs
  37 bats
  2 bat zombies
  6 giant cockroaches
  13 hobgoblins
  45 jackals
  11 quokkas
  4 ball pythons
  7 giant geckos
  5 giant newts
  A giant newt skeleton (D:5)
  22 goblins
  A goblin zombie (D:5)
  24 kobolds
  19 rats
  A rat skeleton (D:4)
  19 ballistomycetes
  2 crawling corpses (Vaults:2)
  A fungus (Elf:1)
  3 plants (Lair:8)
2632 creatures vanquished.

Vanquished Creatures (collateral kills)
  A golden dragon (Depths:4)
  A tentacled monstrosity (Depths:5)
  A frost giant (Vaults:5)
  A vault warden (Vaults:5)
  A draconian scorcher (Zot:5)
  2 deep elf sorcerers
  A stone giant (Vaults:5)
  A purple draconian (Depths:5)
  2 ettins (Vaults:5)
  A yellow draconian (shapeshifter) (Depths:3)
  16 vault guards (Vaults:5)
  A merfolk impaler (Shoals:5)
  A rakshasa (D:15)
  An ogre mage (Vaults:3)
  A deep troll shaman (Depths:2)
  2 hell knights (Depths:5)
  A very ugly thing (Depths:5)
  A golden dragon zombie (Depths:4)
  2 deep trolls (Depths:2)
  A phantasmal warrior (Vaults:4)
  A faun (Shoals:1)
  A vault sentinel (Vaults:3)
  An orange demon (Depths:4)
  2 yaktaurs
  2 merfolk (Shoals:4)
  A freezing wraith (Vaults:3)
  4 water elementals
  A hill giant skeleton (D:11)
  2 ogres (Vaults:3)
  A killer bee (D:7)
  A goliath beetle (D:7)
  An orc priest (Orc:4)
  An orc wizard (Orc:4)
  2 orcs (Orc:4)
60 creatures vanquished.

Vanquished Creatures (others)
  A shadow dragon (Zot:5)
  A vault warden (Vaults:5)
  A pale draconian (Zot:5)
  A deep elf death mage (Elf:1)
  6 vault guards (Vaults:5)
  A naga warrior (Snake:5)
  13 drowned souls
  A sixfirhy (Vaults:5)
  A yaktaur (Depths:2)
  A dancing weapon (Depths:2)
  A merfolk (Shoals:4)
  A slime creature (D:14)
  2 ogres
  A centaur (Vaults:3)
  A hound (D:11)
  2 orcs
  3 giant spores
  A goblin (Orc:4)
  A fungus (Lair:7)
  6 plants
46 creatures vanquished.

Grand Total: 2738 creatures vanquished

Notes
Turn   | Place    | Note
--------------------------------------------------------------
     0 | D:1      | PolkaDot, the Vampire Enchanter, began the quest for the Orb.
     0 | D:1      | Reached XP level 1. HP: 13/13 MP: 3/3
   287 | D:1      | Reached XP level 2. HP: 19/19 MP: 4/4
   314 | D:1      | Learned a level 2 spell: Ensorcelled Hibernation
   686 | D:2      | Reached skill level 1 in Ice Magic
   741 | D:2      | Reached XP level 3. HP: 24/24 MP: 3/6
  1040 | D:2      | Reached skill level 5 in Stealth
  1069 | D:2      | Reached skill level 5 in Hexes
  1341 | D:3      | Reached XP level 4. HP: 28/30 MP: 4/7
  3197 | D:3      | Reached skill level 6 in Hexes
  3408 | D:3      | Reached XP level 5. HP: 30/35 MP: 1/9
  3509 | D:3      | Learned a level 2 spell: Sure Blade
  3513 | D:3      | Learned a level 3 spell: Confuse
  3575 | D:3      | Found a burning altar of Makhleb.
  4165 | D:4      | Noticed Blork the orc
  4173 | D:4      | Killed Blork the orc
  4173 | D:4      | Reached skill level 7 in Hexes
  4173 | D:4      | Reached skill level 1 in Charms
  4206 | D:4      | Noticed Grinder
  4246 | D:4      | Killed Grinder
  4246 | D:4      | Reached skill level 8 in Hexes
  4246 | D:4      | Reached XP level 6. HP: 17/41 MP: 6/10
  4507 | D:4      | Reached XP level 7. HP: 29/46 MP: 6/12
  4821 | D:4      | Found Murhegoir's Food Emporium.
  4849 | D:4      | Noticed Duvessa
  4850 | D:4      | Noticed Dowan
  4855 | D:4      | Killed Duvessa
  4855 | D:4      | Reached skill level 9 in Hexes
  4859 | D:4      | Killed Dowan
  4868 | D:4      | Noticed primenumbers3's ghost (average OpWz)
  4994 | D:4      | Killed primenumbers3's ghost
  5437 | D:5      | Entered Level 5 of the Dungeon
  5463 | D:5      | Found a staircase to the Ecumenical Temple.
  5473 | Temple   | Entered the Ecumenical Temple
  5477 | Temple   | Became a worshipper of Ashenzari the Shackled
  5824 | D:5      | Reached skill level 10 in Hexes
  5824 | D:5      | Reached XP level 8. HP: 52/52 MP: 13/13
  6553 | D:5      | Reached skill level 11 in Hexes
  6574 | D:5      | Reached skill level 5 in Charms
  6936 | D:6      | Reached skill level 10 in Stealth
  6945 | D:6      | Noticed Eustachio
  6952 | D:6      | Reached skill level 12 in Hexes
  6957 | D:6      | Reached XP level 9. HP: 44/57 MP: 7/14
  6972 | D:6      | Killed Eustachio
  7125 | D:6      | Learned a level 4 spell: Enslavement
  7320 | D:6      | Noticed Crazy Yiuf
  7326 | D:6      | Killed Crazy Yiuf
  7452 | D:6      | Found a glowing golden altar of the Shining One.
  7673 | D:7      | Found Psank's Magic Scroll Shoppe.
  7976 | D:7      | Bought a scroll of identify for 28 gold pieces
  8038 | D:7      | Reached skill level 5 in Spellcasting
  8121 | D:7      | Learned a level 6 spell: Invisibility
  8424 | D:7      | Reached skill level 13 in Hexes
  8544 | D:7      | Acquired Ashenzari's first power
  8598 | D:7      | Found a basalt altar of Yredelemnul.
  8659 | D:8      | Noticed Prince Ribbit
  8668 | D:8      | Killed Prince Ribbit
  8668 | D:8      | Reached XP level 10. HP: 63/63 MP: 17/24
  8976 | D:8      | Noticed Edmund
  8986 | D:8      | Killed Edmund
  9812 | D:8      | Found a shimmering altar of Xom.
  9818 | D:8      | Found a snail-covered altar of Cheibriados.
  9821 | D:8      | Found a blossoming altar of Fedhas.
 10026 | D:9      | Found a bloodstained altar of Trog.
 10043 | D:9      | Reached skill level 14 in Hexes
 10308 | D:9      | Found Kieh's Armour Boutique.
 10321 | D:9      | Bought a cursed +0 pair of boots for 21 gold pieces
 10321 | D:9      | Bought a +0 buckler for 63 gold pieces
 10671 | D:9      | Found a staircase to the Orcish Mines.
 11022 | D:10     | Entered Level 10 of the Dungeon
 11024 | D:10     | Identified the +3 chain mail of Honour {SInv}
 11131 | D:10     | Reached XP level 11. HP: 68/68 MP: 23/26
 11139 | D:10     | Learned a level 6 spell: Haste
 11191 | D:10     | Acquired Ashenzari's second power
 11286 | D:10     | Reached skill level 15 in Hexes
 12063 | D:11     | Found a labyrinth entrance.
 12069 | Lab      | Entered a labyrinth
 12676 | Lab      | Noticed a minotaur
 12693 | Lab      | Killed a minotaur
 12702 | Lab      | Identified the cursed -2 leather armour of Aloowooh {Str-3 Dex-3} (You found it in a labyrinth)
 12960 | D:11     | Noticed Psyche
 12967 | D:11     | Killed Psyche
 13037 | D:11     | Noticed Harold
 13152 | D:11     | HP: 3/68 [Harold/bolt of fire (18)]
 13460 | D:12     | Noticed a hill giant
 13469 | D:12     | Killed a hill giant
 13469 | D:12     | Reached skill level 16 in Hexes
 13928 | D:12     | Acquired Ashenzari's third power
 14095 | D:11     | Noticed a hill giant
 14102 | D:11     | Killed a hill giant
 14102 | D:11     | Reached skill level 1 in Shields
 14158 | D:11     | Gained mutation: Your body is slowly deteriorating. [mutagenic glow]
 14205 | D:11     | Noticed Josephine
 14214 | D:11     | Killed Josephine
 14239 | D:11     | Killed Harold
 14284 | D:11     | Found a staircase to the Lair.
 14414 | D:11     | Identified the cursed -4 cloak "Dyfairacko" {Str+4 Dex+4 Dam+5}
 14445 | D:11     | Noticed a tengu warrior
 14455 | D:11     | Noticed a tengu warrior
 14463 | D:11     | Killed a tengu warrior
 14469 | D:11     | Killed a tengu warrior
 14473 | D:11     | Reached XP level 12. HP: 70/74 MP: 23/27
 14550 | D:11     | Found Siutin's Book Emporium.
 14993 | Lair:1   | Entered Level 1 of the Lair of Beasts
 15064 | Lair:1   | Reached skill level 15 in Stealth
 15064 | Lair:1   | Reached skill level 5 in Shields
 15122 | Lair:1   | Reached skill level 17 in Hexes
 16049 | Lair:2   | Acquired Ashenzari's fourth power
 16475 | Lair:3   | Found a staircase to the Shoals.
 16619 | Lair:3   | Identified the +1 robe "Piucheurph" {rC+ Str+2 SInv}
 17048 | Lair:4   | Learned a level 1 spell: Apportation
 17241 | Lair:4   | Noticed an ice dragon
 17299 | Lair:4   | Killed an ice dragon
 17799 | Lair:4   | Found a burning altar of Makhleb.
 18051 | Lair:4   | Lost mutation: Your body is slowly deteriorating. [potion of cure mutation]
 18139 | Lair:5   | Found a staircase to the Snake Pit.
 18252 | Lair:5   | Reached XP level 13. HP: 79/79 MP: 28/28
 18362 | Lair:5   | Reached skill level 18 in Hexes
 18413 | Lair:5   | Identified the +1,-1 morningstar of Embarrassment {holy, Stlth+}
 19024 | Lair:6   | Reached XP level 14. HP: 66/85 MP: 22/29
 19667 | Lair:7   | Identified the cursed +2 chain mail "Thonun" {MR+}
 19752 | Lair:7   | Identified the +3,+8 dagger of the Present {drain, Noisy rF++ MR+ SInv}
 19938 | Lair:7   | Learned a level 2 spell: Blink
 19983 | Lair:7   | Reached skill level 1 in Translocations
 20081 | Lair:7   | Found a staircase to the Slime Pits.
 20447 | Lair:8   | Entered Level 8 of the Lair of Beasts
 20602 | Lair:8   | Identified the +3 leather armour "Crirph" {rF++}
 20972 | Lair:8   | Reached skill level 19 in Hexes
 21621 | Lair:8   | Reached skill level 5 in Translocations
 21625 | Lair:8   | Reached skill level 1 in Fighting
 22308 | D:11     | Bought a book of Enchantments for 700 gold pieces
 22372 | D:13     | Noticed Maurice
 22377 | D:13     | Noticed Fannar
 22379 | D:13     | Killed Maurice
 22379 | D:13     | Reached skill level 1 in Armour
 22388 | D:13     | Killed Fannar
 22396 | D:13     | Reached XP level 15. HP: 96/96 MP: 29/29
 22610 | D:13     | Noticed Nergalle
 22610 | D:13     | Noticed Erolcha
 22617 | D:13     | Killed Nergalle
 22627 | D:13     | Killed Erolcha
 22901 | D:13     | Noticed Grum
 22908 | D:13     | Killed Grum
 23346 | D:14     | Found Frainurgh's Antique Armour Emporium.
 23976 | D:14     | Found a gate to the Vaults.
 23977 | D:14     | Identified the +9,+6 war axe of the Warrior-Mage {freeze, rElec Dex-1}
 24045 | D:15     | Entered Level 15 of the Dungeon
 24086 | D:15     | Identified 2 scrolls of acquirement
 24093 | D:15     | Reached skill level 5 in Armour
 24203 | D:15     | Learned a level 3 spell: Tukima's Dance
 24240 | D:15     | Found a staircase to the Depths.
 25135 | Shoals:1 | Entered Level 1 of the Shoals
 25234 | Shoals:1 | Identified the +6,+7 war axe of Sunlight {freeze, rN+}
 25266 | Shoals:1 | Found Effaegge's Antique Armour Shop.
 25788 | Shoals:1 | Found Pnoonan's Distillery.
 26576 | Shoals:2 | Learned a level 3 spell: Flight
 26584 | Shoals:2 | Reached XP level 16. HP: 106/106 MP: 31/33
 26742 | Shoals:2 | Found Cinger's Antique Weapon Emporium.
 26755 | Shoals:2 | Bought an ichor-stained dagger for 189 gold pieces
 26755 | Shoals:2 | Identified the +7,+6 dagger of the Vestibule of Hell {drain, Stlth+} (You bought it in a shop on level 2 of the Shoals)
 27165 | Shoals:2 | Reached skill level 20 in Stealth
 27884 | Shoals:3 | Identified the +4,+8 hand axe "Guantiw" {chop, +Blink Int+3}
 28211 | Shoals:3 | Reached skill level 10 in Charms
 29140 | Shoals:4 | Found Siarghaa's Book Emporium.
 29600 | Shoals:5 | Entered Level 5 of the Shoals
 29638 | Shoals:5 | Identified the cursed +10,-1 quarterstaff of Trial by Ordeal {venom, Dex+3}
 29693 | Shoals:5 | Noticed Aizul
 29715 | Shoals:5 | Killed Aizul
 30326 | Shoals:5 | Reached skill level 21 in Stealth
 30326 | Shoals:5 | Reached XP level 17. HP: 111/111 MP: 33/33
 30606 | Shoals:5 | Got a barnacled rune of Zot
 30676 | Shoals:5 | Noticed Ilsuiw
 30684 | Shoals:5 | Killed Ilsuiw
 31233 | Vaults:1 | Entered Level 1 of the Vaults
 31498 | Vaults:1 | Reached skill level 10 in Spellcasting
 31580 | Vaults:1 | Learned a level 3 spell: Dazzling Spray
 32119 | Vaults:1 | Reached skill level 5 in Fighting
 32727 | Vaults:1 | Gained mutation: You have large cloven feet. [mutagenic glow]
 33036 | Vaults:2 | Reached skill level 22 in Stealth
 33472 | Vaults:2 | Found Roacw's Book Emporium.
 33555 | Vaults:2 | Reached XP level 18. HP: 127/127 MP: 31/35
 34225 | Vaults:2 | Found Huzicir's Food Emporium.
 35269 | Vaults:3 | Found Weamad's Armour Shoppe.
 35737 | Vaults:3 | Found a radiant altar of Vehumet.
 35739 | Vaults:3 | Identified the +2 hat "Grush" {MR+ Str+2}
 35739 | Vaults:3 | Identified the cursed +2 hat of Shroshra {Spirit}
 35838 | Vaults:3 | Reached skill level 23 in Stealth
 36091 | Vaults:3 | Found a staircase to the Crypt.
 36803 | Vaults:3 | Reached skill level 10 in Fighting
 36846 | Vaults:3 | Found a staircase to the Hall of Blades.
 36867 | Vaults:3 | Reached skill level 15 in Charms
 37310 | Vaults:4 | Found Caerr's Armour Shoppe.
 37481 | Vaults:4 | Reached skill level 10 in Shields
 37735 | Vaults:4 | Identified the +4,+10 dagger "Ycuomn" {speed, Dex+3 Int+3}
 38047 | Vaults:4 | Reached XP level 19. HP: 140/140 MP: 27/35
 38380 | Vaults:4 | Reached skill level 5 in Short Blades
 38646 | Vaults:4 | Noticed Xtahua
 38653 | Vaults:4 | Killed Xtahua
 38808 | Vaults:4 | Reached skill level 24 in Stealth
 39344 | Snake:1  | Entered Level 1 of the Snake Pit
 39536 | Snake:1  | Found Jiczo's Antique Armour Emporium.
 39555 | Snake:1  | Bought a pair of runed boots for 153 gold pieces
 39555 | Snake:1  | Identified a +0 pair of boots of running (You bought it in a shop on level 1 of the Snake Pit)
 40014 | Snake:1  | Identified the Incunabulum of Helpful Beguiling (You acquired it on level 1 of the Snake Pit)
 41938 | Snake:4  | Found Kowawnuq's Assorted Antiques.
 42512 | Snake:5  | Entered Level 5 of the Snake Pit
 42582 | Snake:5  | Found Aconn's Food Boutique.
 43074 | Snake:5  | Reached XP level 20. HP: 147/147 MP: 36/36
 44539 | Snake:5  | Got a serpentine rune of Zot
 44976 | Depths:1 | Entered Level 1 of the Depths
 45058 | Depths:1 | Found a gateway to Hell.
 45160 | Depths:1 | Found a one-way gate leading to the halls of Pandemonium.
 46358 | Depths:2 | Found a one-way gate to the infinite horrors of the Abyss.
 46675 | Depths:2 | Noticed Asterion
 46910 | Depths:2 | Reached XP level 21. HP: 120/153 MP: 20/36
 46917 | Depths:2 | Killed Asterion
 47666 | Depths:2 | Noticed the Enchantress
 47710 | Depths:2 | Killed the Enchantress
 47710 | Depths:2 | Identified the +3 faerie dragon armour {Acc+5 Dam+4} (You took it off the Enchantress on level 2 of the Depths)
 47710 | Depths:2 | Reached skill level 10 in Dodging
 48896 | Depths:3 | Found a gateway to a ziggurat.
 49972 | Depths:3 | Identified the +0 leather armour of Valiance {Stlth--}
 51370 | Depths:4 | Noticed Frederick
 51375 | Depths:4 | Killed Frederick
 51685 | Depths:4 | Reached XP level 22. HP: 159/159 MP: 19/38
 52116 | Depths:4 | Found a corrupted altar of Lugonu.
 52562 | Depths:4 | Identified the cursed -2,+2 battleaxe of Rotation {flame, +Inv Dex-1 SInv Stlth+}
 52782 | Depths:4 | Identified the +7,+10 war axe of the Trees {chop, rF++ Int+3}
 53021 | Depths:5 | Entered Level 5 of the Depths
 53035 | Depths:5 | Noticed Jorgrun
 53077 | Depths:5 | Killed Jorgrun
 53317 | Depths:5 | Identified the cursed -2 robe "Kloq" {rC+ Acc+4}
 54733 | Depths:5 | Learned a level 8 spell: Discord
 55608 | Depths:5 | Found a gate to the Realm of Zot.
 55608 | Depths:5 | Noticed Jory
 55631 | Depths:5 | Killed Jory
 56738 | Orc:1    | Entered Level 1 of the Orcish Mines
 56917 | Orc:2    | Found a roughly hewn altar of Beogh.
 56971 | Orc:2    | Found a bloodstained altar of Trog.
 57066 | Orc:3    | Found a staircase to the Elven Halls.
 57087 | Orc:3    | Noticed Snorg
 57101 | Orc:3    | Killed Snorg
 57531 | Orc:3    | Noticed Urug
 57537 | Orc:3    | Reached XP level 23. HP: 165/165 MP: 41/41
 57544 | Orc:3    | Killed Urug
 57709 | Orc:4    | Entered Level 4 of the Orcish Mines
 58726 | Orc:4    | Found a roughly hewn altar of Beogh.
 58847 | Orc:4    | Found Wecw's Armour Boutique.
 58870 | Orc:4    | Found Qitamol's Antique Armour Shop.
 59042 | Orc:4    | Found a roughly hewn altar of Beogh.
 59221 | Orc:4    | Found Briugg's Antique Weapon Shop.
 59301 | Orc:4    | Found Kluarec's Gadget Boutique.
 59485 | Orc:4    | Learned a level 7 spell: Darkness
 59671 | Elf:1    | Entered Level 1 of the Elven Halls
 59740 | Elf:1    | Reached skill level 15 in Spellcasting
 60401 | Elf:2    | Found Axoteefi's Gadget Boutique.
 60411 | Elf:2    | Noticed Rupert
 60440 | Elf:2    | Killed Rupert
 60474 | Elf:2    | Identified the +5,+4 hand axe "Ohagg" {chop, +Blink rElec Str-2 SInv Stlth-}
 60478 | Elf:2    | Found Schedoik's Distillery.
 60481 | Elf:2    | Noticed Louise
 60491 | Elf:2    | Killed Louise
 60686 | Elf:2    | Noticed Nikola
 60691 | Elf:2    | Killed Nikola
 60743 | Elf:2    | Found Reilutha's Book Shoppe.
 60768 | Elf:2    | Noticed Norris
 60778 | Elf:2    | Killed Norris
 60803 | Elf:2    | Found Zisergh's Armour Shoppe.
 60877 | Elf:2    | Found Aluan's Assorted Antiques.
 61066 | Elf:2    | Learned a level 5 spell: Silence
 61584 | Vaults:4 | Upgraded the game from 0.15-a0-1174-g8389a64 to 0.15-a0-1206-g3bad1a6
 62632 | Vaults:5 | Entered Level 5 of the Vaults
 62632 | Vaults:5 | Identified the cursed -2 leather armour of Bitterness {rElec rPois Str+3 Curse}
 62857 | Vaults:5 | Identified the cursed -1,-2 great mace "Shuhed" {elec, Str-3}
 62867 | Vaults:5 | Identified the +1,+7 falchion of Mastery {venom, +Blink +Fly}
 62887 | Vaults:5 | Identified the Incunabulum of the Poles (You found it on level 5 of the Vaults)
 63877 | Vaults:5 | Identified the Papyrus of Sinister Enhancements (You found it on level 5 of the Vaults)
 64786 | Vaults:5 | Reached XP level 24. HP: 172/172 MP: 36/44
 64926 | Vaults:5 | Identified the Incunabulum of Earthen Battle Magic (You found it on level 5 of the Vaults)
 64929 | Vaults:5 | Got a silver rune of Zot
 65053 | Vaults:5 | Identified the cursed -3 large shield of Cheibriados' Envy {rF+ Int+2 Dam+3}
 65088 | Vaults:5 | Noticed Margery
 65099 | Vaults:5 | Killed Margery
 65729 | Zot:1    | Entered Level 1 of the Realm of Zot
 67666 | Zot:1    | Noticed an ancient lich
 67677 | Zot:1    | Killed an ancient lich
 67899 | Zot:1    | Gained mutation: You are somewhat resistant to further mutation. [potion of beneficial mutation]
 68106 | Zot:2    | Learned a level 7 spell: Controlled Blink
 68144 | Zot:2    | Identified the +6,+4 falchion "Croinapo" {speed, rPois rN+}
 70438 | Zot:2    | Reached XP level 25. HP: 180/180 MP: 36/44
 72821 | Zot:4    | Reached skill level 10 in Translocations
 72994 | Zot:5    | Entered Level 5 of the Realm of Zot
 74054 | Zot:5    | Identified the +9,+4 shortbow of Grandeur {venom, rElec rN+ SInv} (You took it off a grey draconian on level 5 of the Realm of Zot)
 75818 | Zot:5    | Noticed an orb of fire
 75819 | Zot:5    | Noticed an ancient lich
 76227 | Zot:5    | Noticed an ancient lich
 76228 | Zot:5    | Noticed an orb of fire
 76233 | Zot:5    | Noticed an ancient lich
 76237 | Zot:5    | Noticed an ancient lich
 76276 | Zot:5    | Noticed an ancient lich
 76278 | Zot:5    | HP: 7/180 [ancient lich/shard of ice (69)]
 76299 | Zot:5    | Noticed an orb of fire
 76337 | Zot:4    | Gained mutation: You tend to lose your temper in combat. [mutagenic glow]
 76869 | Zot:5    | Reached XP level 26. HP: 187/187 MP: 42/45
 77177 | Zot:5    | Noticed an orb of fire
 77244 | Zot:5    | Killed an orb of fire
 77383 | Zot:5    | Killed an ancient lich
 77544 | Zot:5    | Killed an orb of fire
 77717 | Zot:5    | Killed an orb of fire
 77735 | Zot:5    | Killed an ancient lich
 77844 | Zot:5    | Killed an ancient lich
 78047 | Zot:5    | Killed an ancient lich
 78384 | Zot:5    | Noticed an orb of fire
 78429 | Zot:5    | Killed an orb of fire
 78930 | Zot:5    | Got the Orb of Zot
 79183 | Depths:3 | Noticed Frifedipn the pandemonium lord
 79246 | Depths:1 | Gained mutation: You have hoof-like feet. [mutagenic glow]
 79329 | D:13     | Gained mutation: You are clumsy. (Dex -2) [mutagenic glow]
 79370 | D:11     | Gained mutation: Your body is slowly deteriorating. [mutagenic glow]
 79526 | D:5      | Gained mutation: You have difficulty communicating with the divine. [mutagenic glow]
 79593 | D:4      | Gained mutation: You are dopey. (Int -2) [mutagenic glow]
 79603 | D:3      | Noticed Uttidgh the pandemonium lord
 79644 | D:$      | Escaped with the Orb!

Action                   |  1- 3 |  4- 6 |  7- 9 | 10-12 | 13-15 | 16-18 | 19-21 | 22-24 | 25-27 || total
-------------------------+-------+-------+-------+-------+-------+-------+-------+-------+-------++-------
Melee: Dagger            |    96 |   136 |   337 |   652 |   565 |   778 |  1048 |  1540 |   691 ||  5843
 Cast: Corona            |     6 |    12 |     2 |     1 |     3 |     1 |     4 |     2 |    12 ||    43
       Ensorcelled Hiber |     7 |    33 |    69 |    88 |   117 |   164 |    40 |    27 |    14 ||   559
       Confuse           |       |     3 |     4 |    17 |    23 |    32 |    37 |    46 |     1 ||   163
       Sure Blade        |       |     1 |     6 |    15 |     4 |    22 |    22 |    60 |    47 ||   177
       Invisibility      |       |       |     3 |    25 |    21 |    32 |    10 |    33 |    23 ||   147
       Enslavement       |       |       |     2 |     3 |     9 |    29 |    19 |    39 |     3 ||   104
       Tukima's Dance    |       |       |       |       |     2 |     1 |     2 |     8 |       ||    13
       Flight            |       |       |       |       |     1 |    69 |    44 |    22 |     1 ||   137
       Haste             |       |       |       |       |     1 |       |     5 |     8 |    18 ||    32
       Dazzling Spray    |       |       |       |       |       |     1 |   165 |    73 |     4 ||   243
       Blink             |       |       |       |       |       |       |     1 |       |       ||     1
       Darkness          |       |       |       |       |       |       |       |    99 |    56 ||   155
       Discord           |       |       |       |       |       |       |       |     5 |     3 ||     8
       Silence           |       |       |       |       |       |       |       |    23 |    12 ||    35
       Controlled Blink  |       |       |       |       |       |       |       |     1 |     3 ||     4
       Apportation       |       |       |       |       |       |       |       |       |     1 ||     1
Invok: Scrying           |       |       |       |       |     1 |       |       |       |     2 ||     3
 Abil: End Transformatio |       |       |       |     1 |       |       |       |     1 |     3 ||     5
       Bat Form          |       |       |       |     1 |       |       |       |     1 |     3 ||     5
       Bottle Blood      |       |       |       |       |       |       |       |     4 |     5 ||     9
Evoke: Wand              |       |     1 |     6 |     3 |     4 |     1 |     1 |     1 |    21 ||    38
  Use: Potion            |     1 |     1 |       |     8 |       |     4 |     5 |    11 |     5 ||    35
       Scroll            |       |    10 |    11 |    29 |    27 |     9 |    12 |     6 |     6 ||   110
 Stab: Sleeping          |    14 |    27 |    94 |   200 |   244 |   240 |   188 |   236 |    42 ||  1285
       Confused          |       |     3 |     5 |    11 |     9 |    17 |    24 |    23 |     1 ||    93
       Distracted        |       |       |     3 |     2 |     6 |     6 |    14 |    13 |     1 ||    45
       Invisible         |       |       |     2 |    34 |    21 |   109 |   102 |    90 |    43 ||   401
       Betrayed ally     |       |       |     1 |       |       |     4 |     2 |     5 |     3 ||    15
       Paralysed         |       |       |     1 |       |       |       |     1 |       |       ||     2
